 Dungeon Crawl Stone Soup version 0.31-a0-845-g9abc20d24f (webtiles) character file.

Game seed: 3096911570456759470

84478 ScrombusTheWizard the Warrior (level 16, -1/134 HPs)
             Began as a Djinni Ice Elementalist on Oct 1, 2023.
             Was a Priest of Ashenzari.
             Slain by a wolf spider simulacrum (45 damage)
             ... on level 4 of the Spider Nest on Oct 2, 2023.
             The game lasted 02:42:02 (27965 turns).

ScrombusTheWizard the Warrior (DjIE)               Turns: 27965, Time: 02:42:02

Health: -1/134     AC: 23    Str: 10    XL:     16   Next: 27%
Gold:   993        EV: 21    Int: 23    God:    Ashenzari [***...] SH:  0 Dex: 16

rFire   + + .        a - +4 mace "Clairvoyant Seer" {protect, Bglg, Melee} (curse)
rCold   x . .        (no shield)
rNeg    + . .        t - +0 acid dragon scales of the Astral Trepidation {rCorr, Comp, Cun} (curse)
rPois   ∞            w - +1 hat "Oscillating Fan" {SInv, Melee, Elem} (curse)
rElec   .            N - +1 cloak {rPois}
rCorr   +            p - +2 pair of gloves "Omniscient Discomfort" {Str+3, Alch, Cun} (curse)
SInv    +            (boots unavailable)
Will    ++...        v - amulet of guardian spirit
Stlth   ++           A - ring of positive energy
HPRegen 0.42/turn    E - ring of the Sublime Malaise {Will+, Fort, Elem} (curse)
MPRegen 0.00/turn

%: clarity, guardian spirit, infuse magic (-2 HP)
@: ice-armoured, freezing walls, flying
A: sickness immunity, fire resistance 2, cold vulnerability 1, float, innate
caster, HP casting, extra vitality 1
a: Renounce Religion, Shatter the Chains


You were on level 4 of the Spider Nest.
You worshipped Ashenzari.
Ashenzari was most pleased with you.
You visited 4 branches of the dungeon, and saw 19 of its levels.
You also visited: Sewer.

You collected 1337 gold pieces.
You spent 344 gold pieces at shops.

Inventory:

Hand Weapons
 a - the cursed +4 mace "Clairvoyant Seer" (weapon) {protect, Bglg, Melee}
   (You found it on level 2 of the Spider Nest)

   It has a curse which improves the following skills: Beguiling: Conjurations,
   Hexes and Translocations.
   Melee Combat: Short Blades, Long Blades, Axes, Maces & Flails, Polearms,
   Staves and Unarmed Combat.
Armour
 p - the cursed +2 pair of gloves "Omniscient Discomfort" (worn) {Str+3, Alch, Cun}
   (You bought it in a shop on level 1 of the Shoals)

   It has a curse which improves the following skills: Alchemy: Poison Magic and
   Transmutations.
   Cunning:   Dodging and Stealth.
 t - the cursed +0 acid dragon scales of the Astral Trepidation (worn) {rCorr, Comp, Cun}
   (You found it on level 6 of the Dungeon)

   rCorr:     It protects you from acid and corrosion.
   It has a curse which improves the following skills: Companions: Summonings
   and Necromancy.
   Cunning:   Dodging and Stealth.
 w - the cursed +1 hat "Oscillating Fan" (worn) {SInv, Melee, Elem}
   (You took it off Gastronok on level 2 of the Lair of Beasts)

   It has a curse which improves the following skills: Melee Combat: Short
   Blades, Long Blades, Axes, Maces & Flails, Polearms, Staves and Unarmed
   Combat.
   Elements:  Fire Magic, Ice Magic, Air Magic and Earth Magic.
 N - a +1 cloak of poison resistance (worn)
Jewellery
 l - a ring of positive energy
 v - an amulet of guardian spirit (around neck)
 y - a ring of protection from fire
 A - a ring of positive energy (left hand)
 E - the cursed ring of the Sublime Malaise (right hand) {Will+, Fort, Elem}
   (You took it off an orc on level 4 of the Dungeon)

   [ring of willpower]

   Will+:     It increases your willpower.
   It has a curse which improves the following skills: Fortitude: Armour and
   Shields.
   Elements:  Fire Magic, Ice Magic, Air Magic and Earth Magic.
 H - a ring of willpower
 L - a +6 ring of dexterity
 O - an amulet of magic regeneration
Wands
 o - a wand of flame (21)
 G - a wand of iceblast (9)
 I - a wand of paralysis (17)
 K - a wand of polymorph (5)
Scrolls
 i - 4 scrolls of teleportation
 m - a scroll of silence
 n - 3 scrolls of fog
 q - 4 scrolls of poison
 x - 2 scrolls of fear
 B - 4 scrolls of vulnerability
 C - 3 scrolls of immolation
 D - a scroll of torment
 J - a scroll of revelation
Potions
 b - 2 potions of invisibility
 c - 5 potions of lignification
 d - a potion of curing
 f - 2 potions of enlightenment
 h - 2 potions of attraction
 j - 2 potions of brilliance
 k - 4 potions of berserk rage
 r - 3 potions of might
 s - 2 potions of resistance
 u - 3 potions of cancellation
 z - 3 potions of mutation
 F - 3 potions of haste


   Skills:
 * Level 18.9 Fighting
 * Level 10.1(11.6) Armour
 - Level 15.9(18.0) Dodging
 - Level 1.5(3.1) Stealth
 - Level 8.3 Spellcasting
 - Level 8.3(9.8) Conjurations
 - Level 8.3(9.8) Hexes
 - Level 8.3(9.8) Summonings
 - Level 8.3(9.8) Necromancy
 - Level 8.3(9.8) Translocations
 - Level 8.3(9.8) Transmutations
 - Level 8.3(10.5) Fire Magic
 - Level 8.3(10.5) Ice Magic
 - Level 8.3(10.5) Air Magic
 - Level 8.3(10.5) Earth Magic
 - Level 8.3(9.8) Poison Magic


You knew the following spells:

 Your Spells              Type           Power      Damage    Failure   Level
a - Freeze                Ice            100%       1d10      1%          1
b - Frozen Ramparts       Ice            100%       1d16      1%          3
c - Ozocubu's Armour      Ice            55%        N/A       1%          3
d - Summon Ice Beast      Ice/Summ       54%        N/A       1%          4
e - Shock                 Conj/Air       100%       1d9       1%          1
f - Scorch                Fire           100%       2d9       1%          2
g - Mephitic Cloud        Conj/Pois/Air  54%        N/A       1%          3
h - Petrify               Tmut/Erth      54%        N/A       1%          4
i - Summon Lightning Spi  Summ/Air       54%        N/A       1%          4
j - Summon Forest         Summ/Tloc      26%        N/A       4%          5
k - Conjure Ball Lightni  Conj/Air       27%        3x3d8     22%         6
Your spell library was empty.

Dungeon Overview and Level Annotations

Branches:
Dungeon (11/15)            Temple (0/1) D:7            Lair (3/5) D:9
 Shoals (1/4) Lair:3       Spider (4/4) Lair:3          Orc (0/2) D:11
  Sewer (visited)

Altars:
Ashenzari
Cheibriados
Dithmenos
Elyvilon
Fedhas
Gozag
Hepliaklqana
Makhleb
Okawaru
Qazlal
Trog
Uskayaw
Wu Jian
Xom
Zin
The Shining One

Shops:
D:10 *   Shoals:1 [


Innate Abilities, Weirdness & Mutations

You are immune to sickness and miasma.
You are immune to poison.
Your flesh is very heat resistant. (rF++)
You are vulnerable to cold. (rC-)
You float through the air rather than walking.
You learn spells naturally, not from books.
Your magical power is your life essence.
You have superior vitality. (+4 MHP)


Message History

The wall freezes the wolf spider simulacrum but does no damage.
The wolf spider simulacrum hits you.
The wolf spider simulacrum freezes you!!!
You feel a terrible chill!
* * * LOW HITPOINT WARNING * * *
The wolf spider simulacrum bites you but does no damage.
The culicivora simulacrum completely resists.
The wall freezes the culicivora simulacrum but does no damage.
The culicivora simulacrum misses you.
The tarantella simulacrum completely resists.
The wall freezes the tarantella simulacrum but does no damage.
The tarantella simulacrum closely misses you.
The redback is engulfed in noxious fumes.
The redback appears confused.
The wall freezes the redback.
The redback bites the tarantella simulacrum!
The redback bites itself!
The redback is killed!
Your ice beast barely misses the wolf spider simulacrum.
The steelbarb worm simulacrum completely resists.
The wall freezes the steelbarb worm simulacrum but does no damage.
The steelbarb worm simulacrum barely misses you.
Okay, then.
You feel much better.
The wolf spider simulacrum completely resists.
The wall freezes the wolf spider simulacrum but does no damage.
The wolf spider simulacrum barely misses you.
The wolf spider simulacrum bites you but does no damage.
The culicivora simulacrum completely resists.
The wall freezes the culicivora simulacrum but does no damage.
The culicivora simulacrum misses you.
The tarantella simulacrum completely resists.
The wall freezes the tarantella simulacrum but does no damage.
The tarantella simulacrum closely misses you.
The wolf spider simulacrum completely resists.
The wall freezes the wolf spider simulacrum but does no damage.
The wolf spider simulacrum closely misses you.
The wolf spider simulacrum bites you!
The wolf spider simulacrum freezes you!!!
You feel a terrible chill!
You die...

*,.#.#,***,,,,,*
####...*,,,,,,,,** ##*
####..#..##^*,***^,,**
#.#*##...#...#.#,,,,*,,,**,
##..##^#....#.^.#^*,,**,,,^,
#^.....#^#.#<...#,,,*,*,,*,*
##.#..^..#...8###,,^*,,,,,*, ##*
#*#.#.#.^##Z.#,***,,,^**,,,
#.###*###..#...@○#.,,,*,,***,**,
#..#^#.###..##ZZZ...#^,,,,,,*,,,
##..#..#..#.^Y##.^###**,,,,,,^**
#.....###..##.#...#,,,,^****,**
####.^..#.....##...#^*,,*,,,,,*
##....#.^.^#.#..#..##^*,,,*,**,*
#.#..#..#..##^......,,,,*,,,,,,*
##.#...#......#..#...**,^,,*,,,**
#...^.##.###.###..**^,,**,,,,,,,*


You could see a wolf spider simulacrum (ally target), a tarantella simulacrum, a
steelbarb worm simulacrum (combustible), a culicivora simulacrum (ally target),
a friendly ice beast (summoned) and a friendly lightning spire (summoned).

Vanquished Creatures
  A ghost moth (Spider:1)
  A spark wasp (Spider:4)
  A merfolk impaler (Shoals:1)
  Harold (D:9)
  A hydra (Lair:3)
  A catoblepas (Lair:3)
  A two-headed ogre (D:8)
  2 demonic crawlers (Spider:3)
  A vampire mage (Lair:1)
  2 skysharks (Shoals:1)
  7 pharaoh ants
  A sun moth (Spider:2)
  An orb spider (Spider:1)
  The ghost of AceOff the Covert, a novice OpSh (D:6)
  A steelbarb worm (Spider:4)
  3 harpies (Shoals:1)
  8 wolf spiders
  An ugly thing (D:11)
  An elephant (Lair:3)
  3 torpor snails
  A black mamba (Lair:2)
  2 merfolk sirens (Shoals:1)
  5 cane toads
  2 kobold demonologists
  A komodo dragon (Lair:3)
  4 wind drakes
  2 polar bears (Lair:3)
  A troll (D:10)
  A merfolk (Shoals:1)
  6 blink frogs
  14 tarantellas
  13 jumping spiders
  8 culicivoras
  A human (Lair:1)
  3 wraiths (D:11)
  A wyvern (Lair:2)
  14 yaks
  The ghost of eyesofgods1 the Changeling, an amateur DgSh (D:4)
  23 redbacks
  An acid dragon (D:6)
  2 water moccasins
  8 orc warriors
  A black bear (D:9)
  An ogre (D:5)
  2 wolves (Lair:2)
  3 centaurs
  A lemure (D:5)
  2 phantoms
  Blork the orc (D:4)
  8 bullfrogs
  A kobold brigand (Sewer)
  2 scorpions
  3 wights (D:8)
  2 killer bees (D:8)
  2 howler monkeys
  An electric eel (D:8)
  A jelly (D:6)
  Crazy Yiuf (D:3)
  5 orc priests
  2 hounds
  A sleepcap (D:6)
  Natasha (thrice) (D:2)
  4 iguanas
  9 orc wizards
  5 polar bear simulacra (Lair:3)
  2 yak simulacra (Lair:3)
  Robin (D:3)
  2 gnolls (D:9)
  7 adders
  A shadow imp (D:7)
  2 white imps (D:8)
  An ufetubus (D:4)
  A worm (Sewer)
  22 orcs
  5 ball pythons
  3 bats
  6 endoplasms
  4 giant cockroaches
  13 goblins
  6 hobgoblins
  12 jackals
  3 quokkas
  2 frilled lizards (D:3)
  13 kobolds
  15 rats
335 creatures vanquished.

Vanquished Creatures (collateral kills)
  Arachne (Spider:2)
  Gastronok (Lair:2)
  An emperor scorpion (Spider:1)
  A broodmother (Spider:4)
  An entropy weaver (Spider:3)
  An alligator snapping turtle (Shoals:1)
  A jorogumo (Spider:2)
  A radroach (Spider:2)
  A hydra (Lair:1)
  A boulder beetle (Spider:1)
  A two-headed ogre (D:10)
  3 demonic crawlers
  Nergalle (Lair:2)
  2 skysharks
  3 sea snakes (Shoals:1)
  A sun moth (Spider:2)
  2 orb spiders
  Pikel (D:5)
  A steelbarb worm (Spider:1)
  8 harpies (Shoals:1)
  A necromancer (Lair:3)
  An oklob plant (Lair:1)
  7 wolf spiders
  A manticore (Lair:3)
  3 black mambas
  5 elephants (Lair:3)
  A torpor snail (Spider:4)
  2 cane toads (Lair:1)
  A komodo dragon (Lair:2)
  2 rime drakes
  A merfolk (Shoals:1)
  12 tarantellas
  A wind drake (Shoals:1)
  3 dream sheep (Shoals:1)
  8 blink frogs (Lair:3)
  A snapping turtle (Shoals:1)
  3 slime creatures (D:10)
  22 yaks
  8 jumping spiders
  5 culicivoras
  2 wyverns
  A basilisk (Lair:2)
  A steam dragon (D:9)
  3 vampire mosquitoes (D:10)
  22 redbacks
  Edmund (D:5)
  An acid dragon (D:8)
  2 water moccasins
  An orc warrior (D:7)
  3 black bears
  2 wolves (Lair:2)
  A centaur (D:7)
  2 kobold brigands (D:3)
  A lemure (D:5)
  2 bullfrogs
  A gnoll sergeant (D:9)
  A scorpion (D:9)
  2 killer bees (D:8)
  An iron imp (D:3)
  6 orc priests
  2 jellies (D:5)
  Jessica (D:2)
  An iguana (D:6)
  2 orc wizards
  A polar bear simulacrum (Lair:3)
  A wolf simulacrum (Lair:3)
  A nameless horror (Lair:1)
  A gnoll (D:9)
  2 adders
  A river rat (Sewer)
  A shadow imp (D:7)
  A white imp (D:5)
  An ufetubus (D:5)
  2 worms
  24 orcs
  4 ball pythons
  An endoplasm (Sewer)
  5 hobgoblins (D:3)
  A frilled lizard (D:2)
  5 kobolds
  A rat (Sewer)
  2 river rat simulacra (Lair:3)
  A butterfly (D:7)
239 creatures vanquished.

Vanquished Creatures (others)
  An orc (D:9)
  3 snaplasher vines (Lair:3)
4 creatures vanquished.

Grand Total: 578 creatures vanquished

Notes
Turn   | Place    | Note
-------+----------+-------------------------------------------
     0 | D:1      | ScrombusTheWizard the Djinni Ice Elementalist began the
                  | quest for the Orb.
     0 | D:1      | ScrombusTheWizard set off with the following spells
                  | memorised: Freeze, Frozen Ramparts, Ozocubu's Armour,
                  | Summon Ice Beast.
     0 | D:1      | Reached XP level 1. HP: 15/15 MP: 0/0
   248 | D:1      | Reached XP level 2. HP: 18/21 MP: 0/0
   272 | D:1      | Found a faded altar of an unknown god.
   528 | D:1      | Prayed at the altar of an unknown god.
   528 | D:1      | Became a worshipper of Ashenzari the Shackled
   980 | D:1      | Reached XP level 3. HP: 12/25 MP: 0/0
   980 | D:1      | Learned a level 1 spell: Shock
  1213 | D:2      | Reached * piety under Ashenzari
  1218 | D:2      | Noticed Natasha
  1226 | D:2      | Killed Natasha
  1227 | D:2      | Reached XP level 4. HP: 16/31 MP: 0/0
  1429 | D:2      | Noticed Jessica
  1435 | D:2      | Killed Jessica
  1436 | D:2      | Reached XP level 5. HP: 32/35 MP: 0/0
  1436 | D:2      | Learned a level 2 spell: Scorch
  1541 | D:2      | Noticed Natasha
  1544 | D:2      | Killed Natasha
  1638 | D:2      | Reached skill level 5 in Spellcasting
  1638 | D:2      | Reached skill level 5 in Conjurations
  1638 | D:2      | Reached skill level 5 in Hexes
  1638 | D:2      | Reached skill level 5 in Summonings
  1638 | D:2      | Reached skill level 5 in Necromancy
  1638 | D:2      | Reached skill level 5 in Translocations
  1638 | D:2      | Reached skill level 5 in Transmutations
  1638 | D:2      | Reached skill level 5 in Fire Magic
  1638 | D:2      | Reached skill level 5 in Ice Magic
  1638 | D:2      | Reached skill level 5 in Air Magic
  1638 | D:2      | Reached skill level 5 in Earth Magic
  1638 | D:2      | Reached skill level 5 in Poison Magic
  1811 | D:2      | Noticed Natasha
  1820 | D:2      | Killed Natasha
  1872 | D:2      | Found a shadowy altar of Dithmenos.
  2041 | D:3      | Reached ** piety under Ashenzari
  2072 | D:3      | Found a snail-covered altar of Cheibriados.
  2082 | D:3      | Reached XP level 6. HP: 36/40 MP: 0/0
  2188 | D:3      | Reached skill level 1 in Fighting
  2191 | D:3      | Reached skill level 2 in Fighting
  2271 | D:3      | Noticed Robin
  2275 | D:3      | Reached XP level 7. HP: 40/50 MP: 0/0
  2275 | D:3      | Learned a level 3 spell: Mephitic Cloud
  2285 | D:3      | Killed Robin
  2509 | D:3      | Found a runed translucent door.
  2510 | D:3      | Noticed Crazy Yiuf
  2713 | D:3      | Noticed a water moccasin
  2720 | D:3      | Killed a water moccasin
  2721 | D:3      | Reached skill level 3 in Fighting
  2962 | D:3      | Killed Crazy Yiuf
  3380 | D:4      | Found a glowing drain.
  3390 | Sewer    | Entered a sewer
  3408 | Sewer    | Reached *** piety under Ashenzari
  3731 | D:4      | Reached skill level 4 in Fighting
  3731 | D:4      | Reached XP level 8. HP: 48/60 MP: 0/0
  3842 | D:4      | Found a large runed translucent door.
  3912 | D:4      | You are sucked into a shaft and drop 2 floors!
  3912 | D:6      | Found a shimmering altar of Xom.
  3912 | D:6      | Found a runed translucent gate.
  3912 | D:6      | Found a runed translucent gate.
  3916 | D:6      | Found a runed translucent gate.
  3918 | D:6      | Noticed AceOff's ghost (novice OpSh)
  3952 | D:6      | Identified the Directory of Refrigeration
  4322 | D:5      | Entered Level 5 of the Dungeon
  4328 | D:5      | Noticed Edmund
  4350 | D:5      | Killed Edmund
  4351 | D:5      | Reached skill level 5 in Fighting
  4935 | D:4      | Reached skill level 5 in Dodging
  4972 | D:4      | Found a large runed translucent door.
  4973 | D:4      | Noticed eyesofgods1's ghost (amateur DgSh)
  5067 | D:4      | Noticed Blork the orc
  5070 | D:4      | Killed Blork the orc
  5230 | D:4      | Killed eyesofgods1's ghost
  5231 | D:4      | Reached skill level 6 in Fighting
  5251 | D:5      | Reached XP level 9. HP: 60/68 MP: 0/0
  5251 | D:5      | Learned a level 4 spell: Petrify
  5534 | D:5      | Noticed Pikel
  5553 | D:5      | Killed Pikel
  5554 | D:5      | Reached skill level 7 in Fighting
  6298 | D:6      | Reached skill level 8 in Fighting
  6733 | D:6      | Killed AceOff's ghost
  6734 | D:6      | Reached XP level 10. HP: 60/77 MP: 0/0
  6867 | D:7      | Reached skill level 9 in Fighting
  7071 | D:7      | Found a hazy altar of Hepliaklqana.
  7103 | D:7      | Found a staircase to the Ecumenical Temple.
  7318 | D:7      | Found an iron altar of Okawaru.
  7574 | D:7      | Reached **** piety under Ashenzari
  7874 | D:8      | Noticed a two-headed ogre
  7885 | D:8      | Killed a two-headed ogre
  7959 | D:8      | Identified the Encyclopedia of Indurated Aeromancy
  8195 | D:8      | Found a stormy altar of Qazlal.
  8197 | D:8      | Found a hide-covered altar of Uskayaw.
  8285 | D:8      | Found a glowing golden altar of the Shining One.
  8455 | D:8      | Found an ornate altar of the Wu Jian Council.
  8508 | D:8      | Found a glowing silver altar of Zin.
  8508 | D:8      | Found a shadowy altar of Dithmenos.
  8736 | D:8      | Reached skill level 10 in Fighting
  8935 | D:9      | Reached XP level 11. HP: 64/86 MP: 0/0
  8935 | D:9      | Learned a level 4 spell: Summon Lightning Spire
  9058 | D:9      | Found a staircase to the Lair.
  9156 | D:9      | Found a broken altar of Ashenzari.
  9249 | D:9      | Reached skill level 11 in Fighting
  9300 | D:9      | Noticed Harold
  9311 | D:9      | Killed Harold
  9312 | D:9      | Reached skill level 5 in Armour
  9435 | D:9      | Found a white marble altar of Elyvilon.
  9871 | D:10     | Entered Level 10 of the Dungeon
  9871 | D:10     | Noticed a two-headed ogre
  9876 | D:10     | Killed a two-headed ogre
  9877 | D:10     | Reached skill level 10 in Dodging
  9947 | D:10     | Found a blossoming altar of Fedhas.
 10191 | D:10     | Found an opulent altar of Gozag.
 10203 | D:10     | Found Gozag's Platinum Reserve.
 10223 | D:10     | Reached skill level 12 in Fighting
 10368 | D:10     | Found a bloodstained altar of Trog.
 10408 | D:10     | Found a burning altar of Makhleb.
 10554 | D:11     | Found a staircase to the Orcish Mines.
 10658 | D:11     | Reached XP level 12. HP: 74/95 MP: 0/0
 11439 | Lair:1   | Entered Level 1 of the Lair of Beasts
 11516 | Lair:1   | Noticed a seven-headed hydra
 11526 | Lair:1   | Killed a seven-headed hydra
 11729 | Lair:1   | Identified the +4 orcbow "Benn" {flame, Str+3 Int+3 Stlth-}
 11772 | Lair:1   | Reached skill level 13 in Fighting
 12053 | Lair:1   | Found a runed translucent door.
 12054 | Lair:1   | Noticed a vampire mage
 12054 | Lair:1   | Found the +27 heavy crossbow "Sniper" {heavy, Acc+∞ SInv}
 12069 | Lair:1   | Killed a vampire mage
 12951 | Lair:2   | Noticed Nergalle
 12965 | Lair:2   | Killed Nergalle
 13283 | Lair:2   | Reached XP level 13. HP: 77/104 MP: 0/0
 13283 | Lair:2   | Learned a level 5 spell: Summon Forest
 13356 | Lair:2   | Noticed Gastronok
 13369 | Lair:2   | Killed Gastronok
 13370 | Lair:2   | Reached skill level 14 in Fighting
 13494 | Lair:2   | Reached ***** piety under Ashenzari
 14264 | Lair:3   | Noticed a five-headed hydra
 14269 | Lair:3   | Killed a five-headed hydra
 14900 | Lair:3   | Noticed a catoblepas
 14915 | Lair:3   | Reached skill level 15 in Fighting
 14916 | Lair:3   | Killed a catoblepas
 16179 | Lair:3   | Found a staircase to the Shoals.
 16740 | Lair:3   | Reached XP level 14. HP: 101/114 MP: 0/0
 16817 | Lair:3   | Found a hole to the Spider Nest.
 16900 | Shoals:1 | Entered Level 1 of the Shoals
 16900 | Shoals:1 | Found Wedour's Armour Shop.
 17055 | Shoals:1 | Bought a +2 pair of gloves of strength for 344 gold pieces
 17381 | Shoals:1 | Reached skill level 16 in Fighting
 19664 | Spider:1 | Entered Level 1 of the Spider Nest
 20105 | Spider:1 | Noticed a ghost moth
 20124 | Spider:1 | Killed a ghost moth
 20125 | Spider:1 | Reached skill level 17 in Fighting
 21033 | Spider:1 | Noticed an emperor scorpion
 21037 | Spider:1 | Reached skill level 15 in Dodging
 21047 | Spider:1 | Killed an emperor scorpion
 21048 | Spider:1 | Reached XP level 15. HP: 70/124 MP: 0/0
 21048 | Spider:1 | Learned a level 6 spell: Conjure Ball Lightning
 23440 | Spider:2 | Reached skill level 18 in Fighting
 23632 | Spider:2 | Noticed Arachne
 23662 | Spider:2 | Killed Arachne
 26255 | Spider:3 | Reached XP level 16. HP: 117/134 MP: 0/0
 26649 | Spider:4 | Entered Level 4 of the Spider Nest
 27952 | Spider:4 | Reached skill level 10 in Armour
 27965 | Spider:4 | Slain by a wolf spider simulacrum

Illustrated notes

Levels and vault maps discovered:
D:1:      eino_arrival_cavern_a, layout_basic, basic_ecumenical_altar,
          chequers_arboretum
D:2:      layout_basic, basic_altar, minmay_misc_feat_square,
          chequers_serial_rivers_micro_d, uniq_jessica, uniq_natasha
D:3:      cheibrodos_thug_alley, layout_loops_ring, slow_altar_1,
          uniq_crazy_yiuf_cottage, uniq_robin
D:4:      layout_loops_ring, overflow_temple_1_default, serial_glass,
          glass_columns_a, glass_columns_a, cheibrodos_sewer_entry_drain,
          ebering_ghost_disaster_area, uniq_blork_the_orc
D:5:      layout_basic, mainiacjoe_overflow_boulevard, minmay_crystal_water,
          nicolae_concentric_dashed_squares_wild, uniq_edmund, uniq_pikel
D:6:      layout_basic, amcnicky_altar_gilded, serial_aquarium,
          aquarium_bridge_long_joined [aquarium_subvault_bridge,
          aquarium_subvault_wall, aquarium_subvault_bridge,
          aquarium_subvault_bridge, aquarium_subvault_wall,
          aquarium_subvault_bridge], aquarium_bridge_island_small
          [aquarium_subvault_small_open, aquarium_subvault_wall,
          aquarium_subvault_balcony, aquarium_subvault_bridge,
          aquarium_subvault_bridge], aquarium_window_fake, aquarium_window_3,
          aquarium_window_1, aquarium_view_2e, aquarium_view_2a,
          aquarium_pool_1, ebering_ghost_rock_garden, minmay_microvault
D:7:      layout_gridville, mainiacjoe_overflow_alcove_1,
          nicolae_hepliaklqana_hippocampus, minmay_temple_entry_butterflies,
          kennysheep_diamond
D:8:      layout_basic, vehumet_altar_wand_db, marbit_many_paths,
          mainiacjoe_overflow_brackets, nicolae_overflow_hidden_temple,
          gammafunk_temple_overflow_elements, chequers_serial_rivers_micro_c,
          fountainhead, hangedman_decor_push
D:9:      layout_rooms, general_overflow_altar, mainiacjoe_overflow_paths,
          grunt_lair_entry_orc_guard_hut, uniq_harold
D:10:     layout_rooms, nicolae_gozag_zags_fifth_avenue, fedhas_altar_3,
          lightli_temple_of_fire, bloody_trog, minmay_misc_feat_encased
D:11:     layout_irregular_city, david_orc_2
Lair:1:   layout_cellular_growth, pdpol_lair_cabin_in_the_woods
Lair:2:   layout_loops_ring, uniq_gastronok, uniq_nergalle
Lair:3:   layout_cellular_growth, minmay_shoals_entry_beasts,
          nicolae_spider_entry_orb_guardian, eino_house_with_fridge,
          grunt_megastairs_4
Shoals:1: layout_shoals, serial_shops, shop
Spider:1: nicolae_spider_mines_1
Spider:2: layout_spider_delve, uniq_arachne
Spider:3: layout_spider_delve
Spider:4: spider_rune_water

Skill      XL: |  1  2  3  4  5  6  7  8  9 10 11 12 13 14 15 16 |
---------------+-------------------------------------------------+-----
Spellcasting   | 4 5 6 7 8 |  8.3
Conjurations   | 4 5 6 7 8 |  8.3
Hexes          | 4 5 6 7 8 |  8.3
Summonings     | 4 5 6 7 8 |  8.3
Necromancy     | 4 5 6 7 8 |  8.3
Translocations | 4 5 6 7 8 |  8.3
Transmutations | 4 5 6 7 8 |  8.3
Fire Magic     | 4 5 6 7 8 |  8.3
Ice Magic      | 4 5 6 7 8 |  8.3
Air Magic      | 4 5 6 7 8 |  8.3
Earth Magic    | 4 5 6 7 8 |  8.3
Poison Magic   | 4 5 6 7 8 |  8.3
Fighting       | 2 4 6 8 10 12 13 15 17 18 | 18.9
Dodging        | 3 5 8 9 10 11 13 15 | 15.9
Armour         | 4 6 8 9 10 | 10.1
Stealth        | |  1.5

Action                     |  1- 3 |  4- 6 |  7- 9 | 10-12 | 13-15 | 16-18 || total
---------------------------+-------+-------+-------+-------+-------+-------++-------
  Melee: Unarmed           |     2 |       |       |       |       |       ||     2
         Staff             |     6 |    12 |    13 |       |       |       ||    31
         Mace              |       |       |     8 |    54 |   200 |    23 ||   285
         Punch             |       |       |       |     2 |     4 |     1 ||     7
   Cast: Freeze            |    32 |    26 |       |       |    33 |       ||    91
         Frozen Ramparts   |     3 |     7 |    10 |    17 |    41 |     9 ||    87
         Ozocubu's Armour  |     2 |     2 |     9 |    37 |    74 |    12 ||   136
         Summon Ice Beast  |       |     5 |    52 |    72 |   114 |    25 ||   268
         Shock             |       |       |    24 |    50 |    24 |     4 ||   102
         Scorch            |       |       |    71 |   142 |   273 |    11 ||   497
         Mephitic Cloud    |       |       |     1 |       |     1 |     1 ||     3
         Summon Lightning  |       |       |       |    35 |    94 |    13 ||   142
         Petrify           |       |       |       |     1 |     8 |       ||     9
         Summon Forest     |       |       |       |       |     7 |       ||     7
         Conjure Ball Ligh |       |       |       |       |     1 |       ||     1
 Invoke: Curse Item        |     2 |     1 |     3 |     3 |     3 |       ||    12
         Shatter the Chain |       |       |     3 |       |     4 |       ||     7
    Use: Scroll            |     2 |       |     1 |       |    13 |     3 ||    19
         Potion            |       |       |     3 |     1 |    13 |     2 ||    19
   Stab: Distracted        |       |       |       |       |     6 |       ||     6
 Armour: Robe              |    29 |    13 |    29 |       |       |       ||    71
         Acid dragon scale |       |       |     2 |    94 |   624 |    71 ||   791
  Dodge: Dodged            |    47 |    19 |    36 |   140 |   791 |    95 ||  1128
         Repelled          |       |       |       |     7 |       |       ||     7

Table legend: (Time is in decaauts)
 A = Elapsed time spent in this place.
 B = Non-inter-level travel time spent in this place.
 C = Inter-level travel time spent in this place.
 D = Time resting spent in this place.
 E = Time spent auto-exploring this place.
 F = Levels seen in this place.
 G = Mean time per level.
                   A        B        C        D        E       F      G
               +--------+--------+--------+--------+--------+-----+--------+
         Total |  28131 |  22821 |   5310 |  10412 |   7403 |  20 | 1406.6 |
       Dungeon |  11126 |   9250 |   1876 |   1163 |   6338 |  11 | 1011.5 |
          Lair |   7230 |   5477 |   1753 |   4079 |    462 |   3 | 2410.0 |
        Shoals |   1208 |   1032 |    176 |    578 |      0 |   1 | 1208.0 |
   Spider Nest |   8230 |   6725 |   1505 |   4592 |    516 |   4 | 2057.5 |
         Sewer |    335 |    335 |      0 |      0 |     87 |   1 |  335.0 |
               +--------+--------+--------+--------+--------+-----+--------+

Top non-repeatable levels by time:
  Lair:3: 4441 daAuts
Spider:2: 3417 daAuts
Spider:1: 2116 daAuts
Spider:3: 1924 daAuts
     D:3: 1444 daAuts
  Lair:2: 1394 daAuts
  Lair:1: 1394 daAuts
Shoals:1: 1208 daAuts
     D:5: 1151 daAuts
     D:6: 1095 daAuts
     D:7: 1085 daAuts
     D:8: 1046 daAuts
     D:2: 1023 daAuts
     D:9: 997 daAuts
     D:1: 904 daAuts
